 Dungeon Crawl Stone Soup version 0.17-a0-1210-g1e4f09d (webtiles) character file.

42 SWAGNEMITE the Skirmisher (level 3, -2/29 HPs)
             Began as a Human Wanderer on June 3, 2015.
             Killed from afar by Ijyb (5 damage)
             ... with a wand of frost
             ... on level 2 of the Dungeon.
             The game lasted 00:04:12 (1266 turns).

SWAGNEMITE the Skirmisher (Human Wanderer)          Turns: 1266, Time: 00:04:12

Health: -2/29      AC:  6    Str: 10    XL:     3   Next: 77%
Magic:  6/6        EV:  5    Int: 12    God:
Gold:   66         SH:  7    Dex: 15    Spells: 0 memorised, 6 levels left

rFire  . . .     SeeInvis .     i - +1 dagger (freeze)
rCold  . . .     Clarity  .     g - +0 scale mail (curse)
rNeg   . . .     SustAt   .     a - +0 shield
rPois  .         Gourm    .     (no helmet)
rElec  .         Spirit   .     (no cloak)
rCorr  .         Warding  .     (no gloves)
rMut   .         Stasis   .     (no boots)
MR     .....                    (no amulet)
Stlth  ..........               (no ring)
                                (no ring)

@: not resistant to hostile enchantments, extremely unstealthy
A: no striking features
a: no special abilities


You were on level 2 of the Dungeon.
You were not hungry.

You visited 1 branch of the dungeon, and saw 2 of its levels.

You collected 66 gold pieces.

Inventory:

Hand weapons
 i - a +1 dagger of freezing (weapon)
   (You took it off a kobold on level 1 of the Dungeon)
Armour
 a - a +0 shield (worn)
 g - a cursed +0 scale mail (worn)
   (You found it on level 1 of the Dungeon)
Scrolls
 c - a scroll of teleportation
 h - a scroll of remove curse {unknown}
 k - 2 scrolls of blinking {unknown}
 l - a scroll of magic mapping {unknown}
 m - a scroll of amnesia {unknown}
Potions
 e - a potion of curing {unknown}
Books
 b - the Guide on Shape Shifting

   Spells                             Type                      Level
   a - Beastly Appendage              Transmutation                1
   b - Stoneskin                      Transmutation/Earth          2
Comestibles
 d - 3 meat rations {@e2}
 f - a bread ration {@e1}


   Skills:
 + Level 3.4 Fighting
 + Level 1.8 Armour
 + Level 1.9 Shields
 - Level 2.0 Spellcasting
   Level 1.0 Transmutations
   Level 2.0 Air Magic
   Level 1.0 Evocations


You had 6 spell levels left.
You didn't know any spells.

Dungeon Overview and Level Annotations

Branches:
Dungeon (2/15)

Altars:
Ashenzari

Annotations:
D:2 Ijyb


Message History

A kobold comes into view. It is wielding a club.
The kobold shouts!
The kobold throws a stone.
The stone hits you but does no damage.
A jackal comes into view.
You see here a stone.
The jackal barks!
The jackal bites you but does no damage.
The jackal bites you but does no damage.
You see here a stone.
The jackal stops to sniff the ground.
You hit the jackal. You freeze the jackal. You closely miss the jackal.
The jackal barely misses you.
The jackal bites you but does no damage. x3
You hit the jackal. You freeze the jackal.
You kill the jackal!
The jackal bites you but does no damage.
You barely miss the jackal. The jackal barely misses you.
You hit the jackal. You freeze the jackal. The jackal bites you.
You block the jackal's attack.
You take 1 damage, and have 28/29 hp.
You hit the jackal but do no damage.
The jackal bites you but does no damage.
You closely miss the jackal. The jackal bites you.
You block the jackal's attack.
You take 1 damage, and have 27/29 hp.
You hit the jackal. You freeze the jackal.
You kill the jackal!
The jackal barely misses you.
You closely miss the jackal. You block the jackal's attack.
The jackal bites you but does no damage.
You hit the jackal. You freeze the jackal.
You kill the jackal!
You hit the kobold but do no damage. You block the kobold's attack.
You hit the kobold. You freeze the kobold.
You kill the kobold!
No target in view!
Things that are here:
a jackal corpse x2
There is an escape hatch in the ceiling here.
Health restored: 29 A mysterious force pulls you upwards.
The hatch slams shut behind you.
There is an open door here.
There is a stone staircase leading down here.
You climb downwards.
There is a stone staircase leading up here.
A giant cockroach comes into view.
Ijyb the Twisted Goblin comes into view.
Ijyb shouts!
Ijyb zaps a wand.
The puff of frost hits you!
It is a wand of frost.
You take 3 damage, and have 26/29 hp.
Ijyb hits you but does no damage.
You hit Ijyb. You freeze Ijyb.
The giant cockroach bites you but does no damage.
Ijyb hits you but does no damage.
You hit Ijyb but do no damage.
The giant cockroach bites you but does no damage.
Ijyb barely misses you.
The giant cockroach bites you but does no damage.
You hit Ijyb but do no damage.
Ijyb zaps a wand.
The puff of frost hits you!
The giant cockroach bites you but does no damage.
You take 9 damage, and have 17/29 hp.
MASSIVE DAMAGE!!
You closely miss Ijyb. Ijyb barely misses you.
The giant cockroach completely misses you.
Unknown command.
You hit Ijyb. You freeze Ijyb.
The giant cockroach bites you but does no damage.
You block Ijyb's attack.
Unknown command.
You hit Ijyb. You freeze Ijyb. The giant cockroach bites you.
Ijyb completely misses you.
The giant cockroach bites you but does no damage.
You take 1 damage, and have 16/29 hp.
Unknown command.
You hit Ijyb. You freeze Ijyb. Ijyb hits you but does no damage.
The giant cockroach closely misses you.
Drink which item? (? for menu, Esc to quit)
Okay, then.
You closely miss Ijyb. Ijyb screams, "I no like you!"
Ijyb zaps a wand.
The puff of frost hits you! The giant cockroach barely misses you.
You take 5 damage, and have 11/29 hp.
You barely miss Ijyb. The giant cockroach barely misses you.
You block Ijyb's attack. The giant cockroach closely misses you.
Ijyb zaps a wand.
The puff of frost hits you!
* * * LOW HITPOINT WARNING * * *
You take 4 damage, and have 7/29 hp.
You closely miss Ijyb. You block the giant cockroach's attack.
Ijyb zaps a wand.
The puff of frost hits you!
* * * LOW HITPOINT WARNING * * *
You take 4 damage, and have 3/29 hp.
Ijyb zaps a wand.
The puff of frost hits you!
You die...

... .... .%. .... #.#
.... # #.# .... ##.# #.#
###. .....##.# #_#.
.......g# #+#.
....#..##############.##
#......s@................
.........................
......<...............<..
?........................
..............##.#.......
..(...........##.........
.........(...............
.............#..##......
..........##....##.


You could see Ijyb and a giant cockroach.

Vanquished Creatures
  2 worms (D:2)
  2 giant cockroaches
  5 goblins (D:1)
  3 hobgoblins
  5 jackals
  A quokka (D:2)
  A ball python (D:1)
  2 bats (D:1)
  A giant newt (D:1)
  5 kobolds
  9 rats
36 creatures vanquished.

Notes
Turn   | Place    | Note
--------------------------------------------------------------
     0 | D:1      | SWAGNEMITE the Human Wanderer began the quest for the Orb.
     0 | D:1      | SWAGNEMITE set off with: a +0 shield, the Guide on Shape Shifting, a scroll of teleportation, a +0 robe, a +0 dagger, a bread ration {@e1}
     0 | D:1      | Reached XP level 1. HP: 18/18 MP: 3/3
   291 | D:1      | Reached skill level 1 in Armour
   291 | D:1      | Reached XP level 2. HP: 18/24 MP: 5/5
   350 | D:1      | Identified the Guide on Shape Shifting
   575 | D:1      | Reached XP level 3. HP: 27/29 MP: 6/6
   848 | D:2      | Found a shattered altar of Ashenzari.
   896 | D:2      | HP: 6/29 [hobgoblin (3)]
   897 | D:2      | HP: 2/29 [worm (3)]
  1254 | D:2      | Noticed Ijyb
  1264 | D:2      | HP: 7/29 [Ijyb/wand of frost (5)]
  1265 | D:2      | HP: 3/29 [Ijyb/wand of frost (4)]
  1266 | D:2      | Killed from afar by Ijyb

Vault maps used:
D:1:      dpeg_arrival_chase
D:2:      ashenzari_conservatory_becter, nicolae_overflow_hidden_temple,
          grunt_temple_overflow_open, first_bread, kennysheep_crisscross,
          uniq_terence, uniq_crazy_yiuf_cottage, uniq_iyjb

Action                   || total
-------------------------++-------
Melee: Dagger            ||   156
  Use: Potion            ||     2
  Eat: Chunk             ||     1

Vault maps used:
D:1:      dpeg_arrival_chase
D:2:      ashenzari_conservatory_becter, nicolae_overflow_hidden_temple,
          grunt_temple_overflow_open, first_bread, kennysheep_crisscross,
          uniq_terence, uniq_crazy_yiuf_cottage, uniq_iyjb

Table legend:
 A = Turns spent in this place as a percentage of turns spent in the entire game.
 B = Non-inter-level travel turns spent in this place as a percentage of non-inter-level travel turns spent in the entire game.
 C = Inter-level travel turns spent in this place as a percentage of turns spent in this place.
 D = Turns resting spent in this place as a percentage of non-inter-level travel turns spent in this place.
 E = Turns spent auto-exploring this place as a percentage of non-inter-level travel turns spent in this place.
 F = Non-inter-level travel turns spent in this place divided by the number of levels of this place that you've seen.
                   A       B       C       D       E      F
               +-------+-------+-------+-------+-------+----------------------
         Total | 100.0 | 100.0 |   0.7 |   1.4 |   7.5 | 207.0
       Dungeon | 100.0 | 100.0 |   0.7 |   1.4 |   7.5 | 207.0
               +-------+-------+-------+-------+-------+----------------------

Table legend:
 A = Kills in this place as a percentage of kills in entire the game.
 B = Kills by you in this place as a percentage of kills by you in the entire game.
 C = Kills by friends in this place as a percentage of kills by friends in the entire game.
 D = Other kills in this place as a percentage of other kills in the entire game.
 E = Experience gained in this place as a percentage of experience gained in the entire game.
 F = Experience gained in this place divided by the number of levels of this place that you have seen.
                   A       B       C       D       E      F
               +-------+-------+-------+-------+-------+----------------------
         Total | 100.0 | 100.0 |  -nan |  -nan | 100.0 |  30.0
       Dungeon | 100.0 | 100.0 |  -nan |  -nan | 100.0 |  30.0
               +-------+-------+-------+-------+-------+----------------------
